 Dungeon Crawl Stone Soup version 0.22-a0-456-g11ed031 (webtiles) character file.

41 xccam the Ruffian (level 3, -5/33 HPs)
             Began as an Ogre Transmuter on June 6, 2018.
             Slain by a goblin
             ... wielding a +0 dagger
             ... led by Robin
              (7 damage)
             ... on level 2 of the Dungeon.
             The game lasted 00:03:42 (1212 turns).

xccam the Ruffian (Ogre Transmuter)                 Turns: 1212, Time: 00:03:43

Health: -5/33      AC:  3    Str: 14    XL:     3   Next: 52%
Magic:  5/7        EV: 10    Int: 15    God:
Gold:   60         SH:  0    Dex:  9    Spells: 5/8 levels left

rFire    . . .     SeeInvis .     - Unarmed
rCold    . . .     Gourm    .   (no shield)
rNeg     . . .     Faith    .   b - +0 robe
rPois    .         Spirit   .   (helmet restricted)
rElec    .         Reflect  .   (no cloak)
rCorr    .         Harm     .   (gloves unavailable)
MR       .....                  (boots unavailable)
Stlth    +.........             (no amulet)
HPRegen  0.11/turn              (no ring)
MPRegen  0.10/turn              (no ring)

@: no status effects
A: large, unfitting armour, tough skin 1
a: no special abilities


You were on level 2 of the Dungeon.
You were not hungry.

You visited 1 branch of the dungeon, and saw 2 of its levels.

You collected 60 gold pieces.

Inventory:

Missiles
 a - 41 arrows
Armour
 b - a +0 robe (worn)
Jewellery
 e - an uncursed ring of ice
Scrolls
 f - 3 scrolls of remove curse {unknown}
 h - a scroll of immolation {unknown}
 i - a scroll of blinking {unknown}
Potions
 c - a potion of magic {unknown}
 g - 2 potions of haste
Comestibles
 d - 2 rations
 j - 2 chunks of flesh


   Skills:
 - Level 1.3 Fighting
 - Level 1.7 Dodging
 + Level 3.0 Unarmed Combat
 + Level 3.0 Spellcasting
 * Level 2.8 Transmutations


You had 5 spell levels left.
You knew the following spells:

 Your Spells              Type           Power        Failure   Level  Hunger
a - Beastly Appendage     Tmut           ##....       6%          1    #......
b - Sticks to Snakes      Tmut           ##......     10%         2    ##.....

Your spell library contained the following spells:

 Spells                   Type           Power        Failure   Level  Hunger
 Spider Form              Tmut/Pois      #.........   34%         3    ###....
 Blade Hands              Tmut           ##........   87%         5    ######.
 Ice Form                 Ice/Tmut       #.......     75%         4    #####..


Dungeon Overview and Level Annotations

Branches:
Dungeon (2/15)

Altars:

Annotations:
D:2 Robin


Innate Abilities, Weirdness & Mutations

You are too large for most types of armour.
You have tough skin. (AC +1)


Message History

Your ball python grabs the goblin.
Your ball python constricts the goblin.
The goblin hits you with a dagger.
* * * LOW HITPOINT WARNING * * *
You hit the goblin.
You kill the goblin!
Your talons disappear.
The goblin closely misses you.
Robin drinks a potion.
Robin seems to speed up.
The goblin hits you with a dagger.
* * * LOW HITPOINT WARNING * * *
A hobgoblin comes into view. It is wielding a club.
Robin throws the goblin at you!
* * * LOW HITPOINT WARNING * * *
The goblin hits you but does no damage. x2
Things that are here:
a dagger; a goblin corpse Unknown command.
The goblin hits your ball python with a club.
Your ball python dies!
The goblin hits you with a dagger!
You die...

.. #. .#
#..#######..#.#
#...........(.
#.g.......#
#)##......#
###g##......#
#.g).#..gg.##
#..g@#....g#
#....#...g.g.
#..<.#.....##
#....#.###.#
######


You could see Robin and 2 goblins.

Vanquished Creatures
  A dart slug (D:1)
  2 bats (D:1)
  3 giant cockroaches (D:1)
  9 goblins
  6 hobgoblins (D:1)
  6 kobolds (D:1)
  3 frilled lizards (D:1)
  5 rats (D:1)
35 creatures vanquished.

Notes
Turn   | Place    | Note
-------+----------+-------------------------------------------
     0 | D:1      | xccam the Ogre Transmuter began the quest for the Orb.
     0 | D:1      | Reached XP level 1. HP: 19/19 MP: 3/3
   188 | D:1      | Reached XP level 2. HP: 15/27 MP: 5/5
   701 | D:1      | Reached XP level 3. HP: 22/33 MP: 7/7
  1135 | D:1      | Learned a level 2 spell: Sticks to Snakes
  1193 | D:2      | Noticed Robin
  1212 | D:2      | Slain by a goblin

Vault maps used:
D:1:      zelgadis_glass_arrival_large
D:2:      minmay_tetromino_t2, uniq_robin

Skill      XL: |  1  2  3 |
---------------+----------+-----
Transmutations | 2 |  2.8
Unarmed Combat | 3 |  3.0
Spellcasting   | 3 |  3.0
Fighting       | |  1.3
Dodging        | |  1.7

Action                   || total
-------------------------++-------
Melee: Unarmed           ||   160
       Punch             ||     2
       Kick              ||     2
 Cast: Sticks to Snakes  ||     1
       Beastly Appendage ||     1
  Eat: Chunk             ||     1
Armor: Robe              ||    39
Dodge: Dodged            ||    70

Table legend:
 A = Spawn XP
 B = Non-spawn XP
 C = Spawn XP percentage of total XP
 D = Spawn monster count
 E = Non-spawn monster count
 F = Spawn count percentage of total count
 G = Total turns spent on level
                    A         B        C        D         E        F      G
               +---------+---------+-------+---------+---------+-------+---------
         Total |       0 |      59 |   0.0 |       0 |      35 |   0.0 |  1212
               +---------+---------+-------+---------+---------+-------+---------
           D:1 |       0 |      53 |   0.0 |       0 |      31 |   0.0 |  1185
           D:2 |       0 |       6 |   0.0 |       0 |       4 |   0.0 |    27
               +---------+---------+-------+---------+---------+-------+---------
